 Dungeon Crawl Stone Soup version 0.28.0-53-g5a82cb258f (webtiles) character file.

Game seed: 10790713547756334257

7422 DemonSlayer the Thaumaturge (level 10, -1/70 HPs)
             Began as a Demonspawn Fire Elementalist on Aug 3, 2022.
             Was a High Priest of Cheibriados.
             Slain by a salamander (3 damage)
             ... in a volcano.
             The game lasted 00:30:37 (14849 turns).

DemonSlayer the Thaumaturge (DsFE)                 Turns: 14849, Time: 00:30:37

Health: -1/70      AC: 13    Str: 27    XL:     10   Next: 93%
Magic:  0/32       EV: 13    Int: 29    God:    Cheibriados [*****.]
Gold:   750        SH:  0    Dex: 24    Spells: 6/27 levels left

rFire   + . .      SeeInvis +   r - +8 morningstar of Saott {vorpal, Str+7 Int-3 SInv}
rCold   . . .      Faith    .   (no shield)
rNeg    . . .      Spirit   +   v - +2 scale mail {rF+}
rPois   .          Reflect  .   (helmet restricted)
rElec   .          Harm     .   (no cloak)
rCorr   .          Rampage  .   (no gloves)
Will    .....                   g - +0 pair of boots
Stlth   ++........              (no amulet)
HPRegen 0.21/turn               f - ring of magical power
MPRegen 0.46/turn               (no ring)

@: mighty, marked, attractive, invisible (expiring), very slow
A: horns 2, thin metallic scales 2, foul stench 1, magic shield, magic
regeneration
a: Renounce Religion, Bend Time, Temporal Distortion, Slouch, Step From Time


You were in a volcano.
You worshipped Cheibriados.
Cheibriados was extremely pleased with you.
You visited 3 branches of the dungeon, and saw 11 of its levels.
You also visited: Bailey and Volcano.

You collected 1130 gold pieces.
You spent 380 gold pieces at shops.

Inventory:

Hand Weapons
 r - the +8 morningstar of Saott (weapon) {vorpal, Str+7 Int-3 SInv}
   (You found it on level 9 of the Dungeon)

   It inflicts extra damage upon your enemies.
   Str:       It affects your strength (+7).
   Int:       It affects your intelligence (-3).
   SInv:      It lets you see invisible.
Missiles
 m - 8 curare-tipped darts
 o - a throwing net
Armour
 g - a +0 pair of boots (worn)
 i - a +2 chain mail of fire resistance
 v - a +2 scale mail of fire resistance (worn)
Jewellery
 f - a ring of magical power (left hand)
Wands
 l - a wand of digging (6)
 q - a wand of acid (2)
 t - a wand of iceblast (11) (quivered)
Scrolls
 c - a scroll of fog
Potions
 d - 3 potions of brilliance
 e - 2 potions of flight
 s - 4 potions of mutation


   Skills:
 + Level 3.2 Fighting
 + Level 0.1 Short Blades
 + Level 2.5 Maces & Flails
 + Level 3.9 Armour
 + Level 3.9 Dodging
 + Level 3.8 Stealth
 + Level 9.4 Spellcasting
 + Level 6.8 Conjurations
 + Level 5.8 Fire Magic
 + Level 5.5 Earth Magic


You had 6 spell levels left.
You knew the following spells:

 Your Spells              Type           Power      Damage    Failure   Level
a - Foxfire               Conj/Fire      100%       2x1d9     1%          1
b - Scorch                Fire           94%        2d9       1%          2
c - Sticky Flame          Conj/Fire      50%        2d7       6%          4
d - Summon Guardian Gole  Hex/Summ       13%        N/A       26%         3
e - Stone Arrow           Conj/Erth      98%        3d13      1%          3
f - Dispel Undead         Necr           13%        3d9       63%         4
g - Flame Wave            Conj/Fire      50%        2d10      6%          4

Your spell library contained the following spells:

 Spells                   Type           Power      Damage    Failure   Level
 Sandblast                Erth           90%        2d19      1%          1
 Conjure Flame            Conj/Fire      50%        6-21      1%          3
 Static Discharge         Conj/Air       33%        N/A       3%          2
 Passwall                 Tmut/Erth      24%        N/A       4%          2
 Inner Flame              Hex/Fire       30%        N/A       8%          3
 Animate Skeleton         Necr           26%        N/A       9%          1
 Beastly Appendage        Tmut           26%        N/A       9%          1
 Pain                     Necr           52%        1d6       9%          1
 Wereblood                Tmut           13%        N/A       13%         2
 Frozen Ramparts          Ice            26%        1d4       26%         3
 Spider Form              Tmut/Pois      13%        N/A       26%         3
 Vampiric Draining        Necr           13%        2d6       26%         3
 Ice Form                 Ice/Tmut       13%        N/A       63%         4
 Summon Ice Beast         Ice/Summ       13%        N/A       63%         4
 Summon Cactus Giant      Summ           6%         N/A       100%        6
 Orb of Destruction       Conj           26%        9d9       99%         7
 Spellforged Servitor     Conj/Summ      16%        N/A       100%        7


Dungeon Overview and Level Annotations

Branches:
Dungeon (9/15)             Temple (1/1) D:4            Lair (1/6) D:9
 Bailey (visited)         Volcano (1/1)
    Orc: D:9-12

Altars:
Ashenzari
Cheibriados
Dithmenos
Fedhas
Gozag
Hepliaklqana
Kikubaaqudgha
Makhleb
Nemelex Xobeh
Qazlal
Ru
Sif Muna
Vehumet
Wu Jian
Xom
Yredelemnul
The Shining One

Shops:
D:5 =[:=   D:8 *

Annotations:
D:4 2 transporters, Wobbu's ghost, amateur NaWz


Innate Abilities, Weirdness & Mutations

You have a pair of horns on your head.
You are mostly covered in thin metallic scales. (AC +3)
You may rarely emit foul miasma when damaged in melee.
When hurt, damage is shared between your health and your magic reserves.
You regenerate magic rapidly.


Message History

The fire bat is attracted toward you.
Okay, then.
As you read the scroll of fog, it crumbles to dust.
The scroll dissolves into smoke.
The fire bat bites you but does no damage.
The fire bat misses you.
The fire bat bites you but does no damage.
You closely miss the fire bat. You headbutt the fire bat!
You kill the fire bat!
Cheibriados thoroughly appreciates the change of pace.
You close the door.
You start resting.
Something unseen breaks down the door.
You start resting.
There are monsters nearby!
There are monsters nearby!
There are monsters nearby!
The salamander wields a +0 shortbow of flaming.
It bursts into flame!
The salamander shoots an arrow.
The arrow barely misses you. The hell hound is attracted toward you.
You flicker for a moment.
The hell hound closely misses you.
The salamander unwields a +0 shortbow of flaming.
It stops flaming.
The salamander hits you.
* * * LOW HITPOINT WARNING * * *
You are engulfed in flames.
You resist.
* * * LOW HITPOINT WARNING * * *
The hell hound misses you. The salamander closely misses you.
Okay, then.
The hell hound barely misses you.
The salamander wields a +0 shortbow of flaming.
It bursts into flame!
The salamander shoots an arrow.
The arrow closely misses you.
The hell hound bites you but does no damage.
The salamander closely misses you.
The salamander shoots an arrow.
The arrow misses you. The hell hound bites you.
The salamander hits you but does no damage.
The salamander is attracted toward you. x3
The salamander unwields a +0 shortbow of flaming.
It stops flaming.
The salamander hits you!
You die...

≈≈≈≈≈≈≈≈§#....#.≈§§≈§≈#
≈≈≈≈≈≈≈..##).##..§§≈≈§
≈≈≈≈≈≈≈...####..§§≈≈≈≈
≈≈≈≈≈≈≈..hN.b..§≈.≈≈≈≈
≈≈≈≈≈≈≈..N####.§§§≈
≈≈≈≈≈≈≈.§N##§§## ≈§≈≈
≈≈≈≈≈≈≈≈..#§§§§#..§≈§
≈≈≈≈≈≈≈≈≈§#§§NN§N≈§≈≈≈
≈≈≈≈≈≈≈≈.h#§@hN#.≈≈≈§§
≈≈≈≈≈≈≈≈.N##§§##.≈§≈≈§
≈≈≈≈≈≈≈≈≈..#### ≈§≈≈≈
≈≈≈≈≈≈≈≈§§..... §≈≈§≈
≈≈≈≈≈≈§§§..#### ≈≈≈≈
≈≈≈≈≈≈≈.§.##..## ≈≈§≈
≈≈≈≈≈≈≈≈≈h#....#
≈≈≈≈≈≈≈≈≈.§h...#
≈≈≈≈≈≈≈≈..#....#


You could see 3 salamanders and a hell hound.

Vanquished Creatures
  A two-headed ogre (Volcano)
  3 centaur zombies
  A cane toad (Lair:1)
  A hornet (D:7)
  4 blink frogs (Lair:1)
  2 shadows (D:9)
  A wraith (D:9)
  A fire bat (Volcano)
  A steam dragon (D:7)
  2 water moccasins
  2 hell hounds (Volcano)
  5 orc warriors
  A sky beast (D:7)
  A black bear (D:7)
  An ice beast (D:6)
  An ogre (D:7)
  2 necrophages
  3 wolves (Lair:1)
  4 centaurs
  9 kobold brigands
  A bullfrog (Lair:1)
  A scorpion (D:5)
  10 wights
  3 howler monkeys (D:8)
  2 bullfrog zombies
  2 jellies
  A bullfrog skeleton (D:4)
  6 orc priests
  5 hounds
  A centaur skeleton (D:5)
  Jessica (D:2)
  5 iguanas
  An orc wizard (D:7)
  2 killer bee zombies
  A howler monkey zombie (D:8)
  11 adders
  11 gnolls
  4 shadow imps
  2 ufetubi
  An adder skeleton (D:4)
  3 dart slugs
  26 orcs
  4 ball pythons
  A bat (D:2)
  4 endoplasms
  6 giant cockroaches
  4 goblins
  8 hobgoblins
  26 kobolds
  3 quokkas
  4 frilled lizards
  3 rats
209 creatures vanquished.

Vanquished Creatures (others)
  2 wolves (Lair:1)
  644 foxfires
  3 fungi
  3 plants
652 creatures vanquished.

Grand Total: 861 creatures vanquished

Notes
Turn   | Place    | Note
-------+----------+-------------------------------------------
     0 | D:1      | DemonSlayer the Demonspawn Fire Elementalist began the
                  | quest for the Orb.
     0 | D:1      | Reached XP level 1. HP: 13/13 MP: 3/3
   175 | D:1      | Found a faded altar of an unknown god.
   454 | D:1      | Gained mutation: You regenerate magic rapidly. [demonic
                  | ancestry]
   454 | D:1      | Reached XP level 2. HP: 19/19 MP: 0/5
   457 | D:1      | Learned a level 2 spell: Scorch
  1407 | D:2      | Noticed Jessica
  1412 | D:2      | Killed Jessica
  1413 | D:2      | Reached XP level 3. HP: 24/24 MP: 0/6
  1583 | D:2      | Gained mutation: When hurt, damage is shared between your
                  | health and your magic reserves. [demonic ancestry]
  1583 | D:2      | Reached XP level 4. HP: 30/30 MP: 4/7
  1929 | D:2      | Learned a level 4 spell: Sticky Flame
  1947 | D:3      | Found a hazy altar of Hepliaklqana.
  2061 | D:3      | Found a shadowy altar of Dithmenos.
  3294 | D:3      | Gained mutation: You have a pair of small horns on your
                  | head. [demonic ancestry]
  3294 | D:3      | Reached XP level 5. HP: 23/35 MP: 1/9
  3717 | D:4      | Reached skill level 3 in Spellcasting
  3719 | D:4      | HP: 1/35 [bullfrog skeleton (5)]
  4264 | D:4      | Gained mutation: You may rarely emit foul miasma when
                  | damaged in melee. [demonic ancestry]
  4264 | D:4      | Reached XP level 6. HP: 42/42 MP: 3/11
  4492 | D:4      | Found a shimmering blue altar of Sif Muna.
  4555 | D:4      | Found a staircase to the Ecumenical Temple.
  4581 | Temple   | Entered the Ecumenical Temple
  4666 | Temple   | Became a worshipper of Cheibriados the Contemplative
  4728 | D:4      | Found a transporter.
  4728 | D:4      | Noticed Wobbu's ghost (amateur NaWz)
  4731 | D:4      | Found a transporter.
  5324 | D:4      | Learned a level 3 spell: Summon Guardian Golem
  5388 | D:5      | Entered Level 5 of the Dungeon
  5409 | D:5      | Reached skill level 4 in Spellcasting
  5487 | D:5      | Gained mutation: You are partially covered in thin metallic
                  | scales. (AC +2) [demonic ancestry]
  5487 | D:5      | Reached XP level 7. HP: 37/47 MP: 4/13
  5926 | D:5      | HP: 1/47 [centaur warrior zombie (3)]
  5930 | D:5      | Reached skill level 1 in Fighting
  5930 | D:5      | Reached skill level 1 in Maces & Flails
  5930 | D:5      | Reached skill level 5 in Fire Magic
  6194 | D:5      | Found a stormy altar of Qazlal.
  6207 | D:5      | Found an ancient bone altar of Kikubaaqudgha.
  6293 | D:5      | Found Hir Lul's Jewellery Shop.
  6294 | D:5      | Found Yphuaroh's Antique Armour Emporium.
  6301 | D:5      | Bought a ring of magical power for 220 gold pieces
  6523 | D:5      | Found Iraan's Jewellery Shop.
  6537 | D:5      | Reached skill level 5 in Spellcasting
  6548 | D:5      | Reached * piety under Cheibriados
  6601 | D:5      | Found a blossoming altar of Fedhas.
  6878 | D:5      | Reached XP level 8. HP: 54/54 MP: 16/16
  6963 | D:5      | Found Aredug's Book Shop.
  7107 | D:5      | Learned a level 3 spell: Stone Arrow
  7118 | D:5      | Learned a level 4 spell: Dispel Undead
  7403 | D:6      | Reached skill level 1 in Earth Magic
  7615 | D:6      | Found a radiant altar of Vehumet.
  7653 | D:6      | Reached skill level 6 in Spellcasting
  8095 | D:6      | Found an ornate altar of the Wu Jian Council.
  8170 | D:6      | Reached ** piety under Cheibriados
  8506 | D:7      | Noticed a hornet
  8514 | D:7      | Killed a hornet
  8515 | D:7      | Gained mutation: You are mostly covered in thin metallic
                  | scales. (AC +3) [demonic ancestry]
  8515 | D:7      | Reached XP level 9. HP: 59/59 MP: 13/19
  8565 | D:7      | Reached skill level 7 in Spellcasting
  8801 | D:7      | Reached skill level 5 in Conjurations
  8982 | D:7      | Reached *** piety under Cheibriados
 10174 | D:8      | Found Miboluf's Changing Room.
 10188 | D:8      | Bought 2 potions of mutation for 160 gold pieces
 10221 | D:8      | Found a shimmering altar of Xom.
 10381 | D:8      | Reached skill level 1 in Armour
 10404 | D:8      | Reached skill level 8 in Spellcasting
 11670 | D:9      | Found a flagged portal.
 11681 | Bailey   | Entered a bailey
 11709 | Bailey   | Reached **** piety under Cheibriados
 11841 | Bailey   | Gained mutation: You have a pair of horns on your head.
                  | [demonic ancestry]
 11841 | Bailey   | Reached XP level 10. HP: 41/66 MP: 8/22
 12311 | Bailey   | Found an iron altar of Okawaru.
 12340 | Bailey   | Learned a level 4 spell: Flame Wave
 12796 | D:9      | Reached skill level 5 in Earth Magic
 12808 | D:9      | Identified the +8 morningstar of Saott {vorpal, Str+7 Int-3
                  | SInv}
 13187 | D:9      | Found a staircase to the Lair.
 13700 | Lair:1   | Entered Level 1 of the Lair of Beasts
 13705 | Lair:1   | Noticed a cane toad
 13709 | Lair:1   | Killed a cane toad
 13710 | Lair:1   | Reached skill level 9 in Spellcasting
 13953 | Lair:1   | Reached ***** piety under Cheibriados
 14088 | Lair:1   | Found a dark tunnel.
 14093 | Volcano  | Entered a volcano
 14790 | Volcano  | Noticed a salamander
 14792 | Volcano  | Noticed a two-headed ogre
 14800 | Volcano  | Killed a two-headed ogre
 14802 | Volcano  | Noticed a salamander
 14805 | Volcano  | Noticed a salamander
 14814 | Volcano  | HP: 3/70 [salamander (4)]
 14830 | Volcano  | HP: 3/70 [salamander/+0 halberd (6)]
 14830 | Volcano  | HP: 1/70 [salamander/+0 halberd (2)]
 14833 | Volcano  | Noticed a salamander
 14838 | Volcano  | HP: 3/70 [fire bat (2)]
 14838 | Volcano  | HP: 1/70 [fire bat (1)]
 14847 | Volcano  | HP: 3/70 [salamander (1)]
 14849 | Volcano  | Slain by a salamander

Illustrated notes

Levels and vault maps discovered:
D:1:      minmay_arrival_statue_studded, layout_loops_ring,
          hellmonk_ecumenical_altar_zigzags
D:2:      minmay_alternating_diamond, layout_basic, uniq_jessica
D:3:      layout_loops_ring, amcnicky_altar_gilded,
          worldfamousw_hep_ancestral_shrine
D:4:      layout_gridville, lemuel_blue_sif_altar, mainiacjoe_overflow_brackets,
          temple_fountains, gammafunk_ghost_arena, grunt_ministairs_12
D:5:      layout_loops_ring, grunt_temple_overflow_forces_of_nature,
          mainiacjoe_overflow_tiny_flanked, serial_shops, shop,
          kennysheep_little_box, nicolae_shop_stone, shop,
          nicolae_zen_rock_garden
D:6:      layout_loops_ring, vehumet_crystals, kennysheep_mini_moat,
          kennysheep_generic_room_13
D:7:      layout_gridville, grunt_ministairs_2
D:8:      layout_basic, lemuel_tele_altar, nicolae_transmutations_shop
D:9:      layout_grid_maze, lair_entry_dummy, enter_bailey_6,
          chequers_serial_rivers_room_b
Temple:   compressed_dpeg_triangle_lava_temple
Lair:1:   layout_cellular_growth, enter_volcano_4, grunt_megastairs_5,
          serial_bayou_shore_b
Volcano:  volcano_village

Skill      XL: |  1  2  3  4  5  6  7  8  9 10 |
---------------+-------------------------------+-----
Fire Magic     | 3 4 5 |  5.8
Dodging        | 2 3 |  3.9
Stealth        | 2 3 |  3.8
Conjurations   | 2 3 4 6 |  6.8
Spellcasting   | 3 4 5 6 8 9 |  9.4
Fighting       | 1 3 |  3.2
Maces & Flails | 1 2 |  2.5
Earth Magic    | 3 4 5 |  5.5
Armour         | 1 3 |  3.9
Short Blades   | |  0.1

Action                   |  1- 3 |  4- 6 |  7- 9 | 10-12 || total
-------------------------+-------+-------+-------+-------++-------
Melee: Unarmed           |     2 |       |       |       ||     2
       Dagger            |     5 |    13 |       |       ||    18
       Morningstar       |       |    17 |    21 |    21 ||    59
       Headbutt          |       |     3 |     9 |     2 ||    14
 Cast: Foxfire           |    74 |   242 |    64 |    16 ||   396
       Scorch            |       |     2 |    17 |       ||    19
       Stone Arrow       |       |       |   141 |    39 ||   180
       Sticky Flame      |       |       |       |     4 ||     4
       Summon Guardian G |       |       |       |     1 ||     1
       Flame Wave        |       |       |       |     1 ||     1
Evoke: Wand              |       |       |     1 |     3 ||     4
  Use: Scroll            |     3 |     8 |     8 |    10 ||    29
       Potion            |       |     1 |     2 |     7 ||    10
 Stab: Sleeping          |     1 |     3 |       |       ||     4
Armor: Robe              |     3 |     8 |    29 |       ||    40
       Ring mail         |       |       |    12 |    32 ||    44
       Scale mail        |       |       |       |    20 ||    20
Dodge: Dodged            |     5 |    43 |    55 |    93 ||   196
Block: Tower shield      |       |       |     5 |       ||     5
